 Dungeon Crawl Stone Soup version 0.29-a0-43-g62a80824bf (webtiles) character file.

Game seed: 15196309810653064262

18 Cecur the Grasshopper (level 2, -1/15 HPs)
             Began as a Spriggan Warper on Feb 3, 2022.
             Slain by a kobold (4 damage)
             ... on level 1 of the Dungeon.
             The game lasted 00:01:16 (961 turns).

Cecur the Grasshopper (Spriggan Warper)              Turns: 961, Time: 00:01:17

Health: -1/15      AC:  2    Str:  7    XL:     2   Next: 51%
Magic:  6/6        EV: 17    Int: 14    God:
Gold:   13         SH:  0    Dex: 14    Spells: 6/6 levels left

rFire   . . .      SeeInvis +   a - +0 short sword
rCold   . . .      Faith    .   (no shield)
rNeg    . . .      Spirit   .   b - +0 robe
rPois   .          Reflect  .   (helmet restricted)
rElec   .          Harm     .   (no cloak)
rCorr   .          Rampage  .   (gloves unavailable)
Will    .....                   (boots unavailable)
Stlth   ++........              (no amulet)
HPRegen 0.05/turn               (no ring)
MPRegen 0.10/turn               (no ring)

@: very quick
A: very small, no large weapons, unfitting armour, see invisible, speed 3
a: no special abilities


You were on level 1 of the Dungeon.
You visited 1 branch of the dungeon, and saw 1 of its levels.

You collected 13 gold pieces.

Inventory:

Hand Weapons
 a - a +0 short sword (weapon)
Missiles
 d - 5 boomerangs of dispersal (quivered)
Armour
 b - a +0 robe (worn)
Scrolls
 c - a scroll of blinking
 g - a scroll of amnesia {unknown}
Potions
 e - 2 potions of degeneration {unknown}
 f - a potion of might {unknown}


   Skills:
 + Level 1.7 Fighting
 + Level 2.4 Short Blades
 - Level 1.0 Throwing
 + Level 3.4 Dodging
 * Level 1.2 Stealth
 + Level 2.7 Spellcasting
 + Level 4.8 Translocations


You had 6 spell levels left.
You didn't know any spells.
Your spell library contained the following spells:

 Spells                   Type           Power      Damage    Failure   Level
 Blink                    Tloc           30%        N/A       4%          2
 Gell's Gravitas          Tloc           15%        N/A       9%          3
 Lesser Beckoning         Tloc           15%        N/A       9%          3
 Teleport Other           Tloc           15%        N/A       9%          3
 Foxfire                  Conj/Fire      4%         2x1d4     22%         1
 Freeze                   Ice            4%         1d3       22%         1
 Call Canine Familiar     Summ           1%         N/A       54%         3
 Conjure Flame            Conj/Fire      1%         6-21      54%         3
 Inner Flame              Hex/Fire       1%         N/A       54%         3
 Manifold Assault         Tloc           15%        N/A       63%         5
 Flame Wave               Conj/Fire      1%         2d4       91%         4
 Malign Gateway           Summ/Tloc      4%         N/A       100%        7
 Spellforged Servitor     Conj/Summ      0%         N/A       100%        7


Dungeon Overview and Level Annotations

Branches:
Dungeon (1/15)

Altars:


Innate Abilities, Weirdness & Mutations

You are very small and have problems with some larger weapons.
You are too small for most types of armour.
You have supernaturally acute eyesight. (SInv)
You cover ground extremely quickly. (Speed+++)


Message History

The bat barely misses you. The bat closely misses you.
The bat completely misses you. The bat hits you but does no damage.
You miss the bat. The bat misses you. The bat hits you but does no damage.
You barely miss the bat. The bat closely misses you.
You barely miss the endoplasm. The endoplasm barely misses you.
You hit the endoplasm.
The endoplasm is moderately wounded.
The endoplasm misses you.
You hit the endoplasm.
The endoplasm is severely wounded.
The endoplasm closely misses you.
You hit the endoplasm but do no damage.
The endoplasm is severely wounded.
The endoplasm freezes you.
You are frozen.
You hit the endoplasm.
You kill the endoplasm!
The bat hits you but does no damage.
You barely miss the bat. The bat misses you. The bat closely misses you.
You hit the bat.
The bat is moderately wounded.
The bat closely misses you. The bat misses you.
You hit the bat.
You kill the bat!
The kobold throws a stone.
The stone barely misses you. The kobold hits you with a +0 whip.
* * * LOW HITPOINT WARNING * * *
You see here a bat corpse.
You hit the kobold but do no damage. The kobold misses you.
You hit the kobold but do no damage. The kobold hits you but does no damage.
You hit the kobold but do no damage. The kobold hits you with a +0 whip.
* * * LOW HITPOINT WARNING * * *
You barely miss the kobold. The kobold misses you.
You closely miss the kobold. You hit the kobold.
The kobold is moderately wounded.
The kobold hits you with a +0 whip.
You die...

.###.#.#.# .
..K..#.#
###.#.###.#...#
............b.#
............#.#
^...........#.#####
............J...b.#
...............#K##
################@#
...............#.#
.#.#.#########.#.#
.#.#...........#.#
.#.#.###########.##
.#.#.# #......(#
.#.#.# #.#######
.#.#.# #.# .#.#.#
#.#


You could see a bat and a kobold.

Vanquished Creatures
  3 endoplasms (D:1)
  2 giant cockroaches (D:1)
  A goblin (D:1)
  A hobgoblin (D:1)
  A kobold (D:1)
  3 quokkas (D:1)
  A ball python (D:1)
  3 bats (D:1)
15 creatures vanquished.

Notes
Turn   | Place    | Note
-------+----------+-------------------------------------------
     0 | D:1      | Cecur the Spriggan Warper began the quest for the Orb.
     0 | D:1      | Reached XP level 1. HP: 10/10 MP: 5/5
   359 | D:1      | Reached skill level 1 in Stealth
   374 | D:1      | Got the Tome of the Escort and Cold
   396 | D:1      | Reached XP level 2. HP: 15/15 MP: 6/6
   961 | D:1      | Slain by a kobold

Illustrated notes

Levels and vault maps discovered:
D:1:      dpeg_arrival_short_road, layout_basic, minmay_surrounded

Skill      XL: |  1 |
---------------+----+-----
Stealth        | 1 |  1.2
Fighting       | |  1.7
Short Blades   | |  2.4
Throwing       | |  1.0
Dodging        | |  3.4
Spellcasting   | |  2.7
Translocations | |  4.8

Action                   || total
-------------------------++-------
Melee: Short sword       ||    63
       Punch             ||     1
 Stab: Sleeping          ||     2
Armor: Robe              ||    15
Dodge: Dodged            ||    40

Table legend: (Time is in decaauts)
 A = Elapsed time spent in this place.
 B = Non-inter-level travel time spent in this place.
 C = Inter-level travel time spent in this place.
 D = Time resting spent in this place.
 E = Time spent auto-exploring this place.
 F = Levels seen in this place.
 G = Mean time per level.
                   A        B        C        D        E       F      G
               +--------+--------+--------+--------+--------+-----+--------+
         Total |    784 |    784 |      0 |      0 |    660 |   1 |  784.0 |
       Dungeon |    784 |    784 |      0 |      0 |    660 |   1 |  784.0 |
               +--------+--------+--------+--------+--------+-----+--------+

Top non-repeatable levels by time:
     D:1: 784 daAuts
